Match 45984152
Unlisted

Match 45984152
End
Panzergrenadier Squad
Selects Battlefield Espionage Battlegroup
250 Light Carrier
Panzergrenadier Squad
Construct Light Support Kompanie
Selects Intel Disruption Beacon
Panzerjäger Squad
Fire Support Elements
MG34 Team
Selects 250/3 Funkpanzerwagen
Veteran Squad Leaders
Pak 38 Anti-tank Gun Team
Construct Panzerarmee Kommand
Selects Anti-Tank Incendiary Munitions
Panzerjäger Mechanized Group
The Kaiser
KoooSz + Noob
Steyrc
DebaKLeTV
0
0

Comments sign in to comment!

No comments posted yet!